[Event "III Menorca Open-A 2024"]
[Site "Ciutadella Menorca"]
[Date "2024.04.06"]
[Round "8.16"]
[White "Castellanos Rodriguez, Renier"]
[Black "Gorshtein, Ido"]
[Result "1/2-1/2"]
[ECO "B94"]
[WhiteElo "2467"]
[BlackElo "2540"]
[Annotator "TA"]
[PlyCount "106"]
[EventDate "2024.04.02"]
[EventType "swiss"]
[EventCountry "ESP"]
[SourceTitle "playchess.com"]
[Source "ChessBase"]
[SourceQuality "1"]
[TimeControl "5400+30"]

1. e4 c5 2. Nf3 d6 3. d4 cxd4 4. Nxd4 Nf6 5. Nc3 a6 6. Bg5 Nbd7 7. Bc4 Qb6 {[%emt 0:00:23] B94: Sicilian Najdorf: 6 Bg5 Nbd7.} 8. Bb3 e6 9. Bxf6 Nxf6 10. Qd2 Nd7 $1 {[%emt 0:01:25] The main line 10...Nd7 scores better than 10...Be7.} 11. O-O-O Nc5 12. f4 Bd7 13. g4 O-O-O 14. h4 $146 ({Predecessor:} 14. g5 h6 15. h4 Kb8 16. f5 g6 17. f6 Bc6 18. Rhe1 hxg5 19. hxg5 Rc8 20. Kb1 {½-½ Vasquez Schroder,R (2475)-Mishra,A (2627) Chessable Masters Play In rapid 2024 (4)}) 14... Kb8 15. f5 g6 16. g5 gxf5 17. exf5 d5 18. Kb1 Bc8 19. Rhe1 Bg7 20. f6 Bf8 $1 21. Nf3 Bd6 22. Ne5 Qc7 23. Nd3 b6 24. Ne2 h6 25. Nef4 (25. gxh6 Ne4 26. Qe3 Bf8 $17) (25. Nxc5 $15 bxc5 26. c3 (26. gxh6 Bf8 $17)) 25... hxg5 26. hxg5 Rh4 27. Rf1 {[%emt 0:00:29] [#]} Rg4 $1 28. Nxc5 (28. Nh3 $17 {keeps fighting.}) 28... bxc5 $19 (28... Qxc5 29. Nd3 Qc7 30. Rh1 $15) 29. Ne2 c4 30. Ba4 Qb6 31. Nd4 Rg8 32. Rg1 Rxg1 $2 (32... R8xg5 $19 33. Rxg4 Rxg4) 33. Rxg1 $15 Bb7 34. Rd1 (34. Rf1 $15) 34... Bc5 ({Don't play} 34... Qb4 $6 35. Qxb4 Bxb4 36. Rg1 $11) (34... e5 $17 35. Nf5 d4) 35. c3 $1 $15 Ka7 36. Re1 Qc7 37. Qe3 Qh2 38. Bc2 Qh4 39. g6 Qxf6 40. gxf7 Qxf7 (40... Rf8 {simplifies} 41. Qxe6 Bxd4 42. cxd4 Qxe6 43. Rxe6 Rxf7 44. Ba4 Rf4) 41. Qxe6 Qf2 (41... Qxe6 {simplifies} 42. Nxe6 Bf2 43. Rd1 Rg3) 42. Rc1 Rg1 43. Nf5 (43. Qe5 {simplifies} Bxd4 44. Qxd4+ Qxd4 45. cxd4 Rg4 46. Rd1) 43... Rxc1+ 44. Kxc1 Qf4+ 45. Kd1 d4 46. Nxd4 Bxd4 47. cxd4 Qxd4+ 48. Ke1 a5 49. Bd1 c3 (49... Qxb2 50. Qxc4 Qb6 51. Be2) 50. bxc3 Qxc3+ 51. Kf2 Qd2+ 52. Be2 Qf4+ 53. Ke1 $1 Qe4 1/2-1/2

[Event "III Menorca Open-A 2024"]
[Site "Ciutadella Menorca"]
[Date "2024.04.06"]
[Round "8.17"]
[White "Zhu, Jiner"]
[Black "Raja Rithvik R"]
[Result "1-0"]
[ECO "B27"]
[WhiteElo "2463"]
[BlackElo "2532"]
[Annotator "TA"]
[PlyCount "177"]
[EventDate "2024.04.02"]
[EventType "swiss"]
[EventCountry "ESP"]
[SourceTitle "playchess.com"]
[Source "ChessBase"]
[SourceQuality "1"]
[TimeControl "5400+30"]

1. e4 c5 2. Nf3 d6 3. Nc3 Nf6 4. d4 cxd4 5. Qxd4 Nc6 6. Qe3 g6 7. Bc4 Bg7 8. O-O O-O 9. h3 Na5 10. Be2 Be6 11. Rd1 {[%emt 0:00:11] The position is equal.} Qc8 12. Qg5 Nc4 13. Qh4 a6 14. a4 Qc7 15. Bxc4 (15. Ng5 $14) 15... Bxc4 $11 16. a5 Rfe8 17. Bh6 Rac8 18. Bxg7 Kxg7 19. Qg5 Qc6 20. Nd4 Qc5 (20... Nxe4 $2 21. Qe3 (21. Qh4 Qd7 $18) 21... Qc7 22. Nxe4 $18) 21. Qe3 Kg8 22. Qe1 e5 23. Na4 Qc7 24. Nf3 d5 25. Nb6 Rcd8 26. Nd2 $1 {[%emt 0:00:42] A dynamic duo of knights.} Bb5 27. Nxd5 Nxd5 28. exd5 Qxc2 (28... Rxd5 $14 29. c4 (29. Ne4 Rxd1 30. Rxd1 Re6 $14) 29... Bxc4) 29. Ne4 Kg7 {[%emt 0:00:44][%cal Ob5e2] Prevents Nf6.} 30. Qb4 {[%emt 0:00:51] Strongly threatening Nd6.} Qc4 31. Qxc4 Bxc4 32. d6 {[%emt 0:00:06] Threatens to win with Nc5.} Re6 33. Rac1 $1 Bb5 34. Rc7 {[%emt 0:01:22][%cal Od6d7] Hoping for d7!} Bc6 {[%emt 0:01:16] [#]} 35. d7 $1 {[%emt 0:01:40] White has more active pieces.} Bxe4 36. Rc8 Rxd7 37. Rxd7 $14 {[%emt 0:00:06][%mdl 4096] Endgame. KRR-KRB} Bc6 38. Rdc7 e4 39. b4 e3 40. fxe3 Rxe3 {[%emt 0:00:02] [#]} 41. b5 $1 Bxb5 42. Rxb7 Re1+ 43. Kf2 Rf1+ 44. Ke3 (44. Kg3 $1 $16) 44... h5 (44... Ra1 $1 $14) 45. Rcc7 $16 h4 46. Kd4 (46. Ra7 $16) 46... Rf4+ $11 47. Kc5 Rf5+ (47... Bf1 $6 48. Rb2 $16) 48. Kd4 Bf1 (48... Rf4+ $11 {remains equal.} 49. Ke3 Rf1) 49. Rb2 Bb5 (49... Rxa5 $142 50. Rf2 Rf5 51. Rxf5 gxf5) 50. Rb7 Bf1 51. Rc7 Bb5 (51... Rxa5 52. Rf2 Rf5 53. Rxf5 gxf5 54. Rc2 $18) 52. Ke3 {[%emt 0:00:49] Prevents Rf4} Be8 53. Ra2 g5 (53... Re5+ $16 54. Kd4 Rf5) 54. Ra7 Bb5 (54... Rf6 $142 55. Re7 Bc6) 55. Rf2 $18 Rxf2 56. Kxf2 {[%emt 0:00:04] Black must now prevent Rb7. KR-KB} Kg6 57. Rb7 $1 Bc4 58. Rb4 $1 Bd3 59. Rd4 (59. Ke3 $1 $18 Bf1 60. Kf2) 59... Bb5 $16 60. Rb4 (60. Rd5 $16 {[%cal Od5b5] White threatens Rxb5! and mate.} Bc4 61. Rc5) 60... Bd3 $18 61. Ke3 $1 Bf1 {[%emt 0:00:04] [#]} 62. Rb2 (62. Rb1 $1 $18 {[%cal Rb1f1] and the rest is easy.} Bxg2 63. Rb6+ f6 64. Kf2 Bxh3 65. Rxa6) 62... f6 $16 63. Kd4 f5 $2 (63... Kg7 $16 {is tougher.} 64. Rf2 Bb5) 64. Ke3 $18 Kf6 65. Kf2 Bc4 66. Rb4 Bd3 67. Rd4 Bb5 68. Rd5 {[%emt 0:00:05][%cal Od5b5] Threatening mate with Rxb5!} Bc4 69. Rc5 Bd3 70. Ke3 $2 ({White should play} 70. Rc6+ $18 Kf7 71. Rd6) 70... Bf1 $2 (70... Be4 $11) 71. Kf3 g4+ (71... f4 $142 72. Rc3 Kg6) 72. hxg4 fxg4+ 73. Kf2 Bd3 74. Rd5 Be4 75. Rd6+ {[%emt 0:00:13] White mates.} Ke7 76. Rxa6 h3 77. Rh6 Bxg2 78. a6 Kd7 79. a7 Ba8 {[%emt 0:00:25] [#]} 80. Rh8 $1 h2 81. Rxh2 $1 ({Not} 81. Rxa8 h1=Q (81... h1=R 82. Rd8+ Kxd8 83. a8=Q+ Ke7 84. Qxh1 Kd6 85. Qe4 Kc7 86. Qxg4) 82. Rf8 g3+ 83. Kxg3 Qg1+ 84. Kh3 Qe3+ (84... Qxa7 85. Rf7+ Ke6 86. Rxa7 Ke5 87. Ra5+ Kd4 88. Kg3 Ke4 89. Kg4) 85. Kg2 Qd2+ (85... Qxa7 86. Rf7+ Kc6 87. Rxa7 Kb6 88. Rg7 Kc5 89. Kf3 Kd5 90. Rg5+ Ke6 91. Ke4) (85... Qg5+ 86. Kf1 $11) 86. Kg1 Qg5+ (86... Qd4+ 87. Kf1 $11) 87. Kf1 Qc1+ 88. Ke2 Qc4+ (88... Qb2+ 89. Kf1 $11) 89. Kd1 Qg4+ (89... Qd3+ 90. Ke1 $11) 90. Kc1 Qg1+ 91. Kd2 Qg5+ (91... Qxa7 92. Rf7+ Ke6 93. Rxa7 Ke5 94. Kd3 Kd6 95. Ra5 Ke6 96. Kd4) (91... Qd4+ 92. Ke2 $11) 92. Kd1 Qh5+ (92... Qg1+ 93. Kd2 $11) 93. Ke1 Qe5+ (93... Qa5+ 94. Ke2 $11) 94. Kf1 Qa1+ 95. Ke2 Qa6+ (95... Qxa7 96. Rf7+ Kc6 97. Rxa7 Kd5 98. Kd3 Ke6 99. Ke4 Kd6 100. Ra5) 96. Ke1 Qa5+ (96... Qxa7 97. Rf7+ Kd6 98. Rxa7 Kc6 99. Kd2 Kd5 100. Ke3 Kd6 101. Kd4) (96... Qa1+ 97. Ke2 $11) 97. Kf1 Qb5+ (97... Qxa7 98. Rf7+ Kc6 99. Rxa7 Kb6 100. Rd7 Kc6 101. Rd8 Kc5 102. Ke2) (97... Qa1+ 98. Ke2 $11) 98. Kg2 Qd5+ (98... Qb7+ 99. Kf1 $11) 99. Kh3 Qe6+ (99... Qh1+ 100. Kg3 $11) 100. Kg2 Qe4+ (100... Qa2+ 101. Kf1 $11) 101. Kf1 Qd3+ (101... Qb1+ 102. Kg2 $11) 102. Kf2 Qd4+ 103. Ke2 Qc4+ (103... Qxa7 104. Rf7+ Ke6 105. Rxa7 Ke5 106. Kd3 Kf5 107. Ra5+ Kf6 108. Ke4) (103... Qb2+ 104. Kf1 $11) 104. Kd1 Qb3+ (104... Qd3+ 105. Ke1 $11) 105. Ke2 Qe6+ (105... Qa2+ 106. Kf1 $11) 106. Kf2 Qb6+ (106... Qa2+ 107. Ke1 $11) 107. Ke2 Qb5+ (107... Qxa7 108. Rf7+ Ke6 109. Rxa7 Kd6 110. Ra5 Kd7 111. Ke3 Ke6 112. Kd4) (107... Qa6+ 108. Ke1 $11) 108. Kd1 Qd3+ 109. Ke1 Qe3+ 110. Kf1 Qc1+ (110... Qxa7 111. Rf7+ Kc6 112. Rxa7 Kb6 113. Rd7 Kc6 114. Rd3 Kc5 115. Ke2) 111. Kg2 Qc6+ (111... Qb2+ 112. Kf1 $11) 112. Kf1 Qb5+ (112... Qa6+ 113. Kg2 $11) 113. Kg2 Qe2+ (113... Qb7+ 114. Kg3 $11) (113... Qb2+ 114. Kf1 $11) 114. Kh1 Qe4+ 115. Kg1 Qg6+ 116. Kf2 Qc2+ (116... Qb6+ 117. Kf3 $11) 117. Kf1 Qc4+ (117... Qb1+ 118. Kg2 $11) 118. Kg2 Qe4+ (118... Qa2+ 119. Kf1 $11) 119. Kf1 Qb1+ 120. Kg2 Qg6+ 121. Kf2 Qb6+ 122. Kf1 Qb5+ $11 (122... Qxa7 123. Rf7+ Kc6 124. Rxa7 Kb6 125. Rd7 Kc6 126. Rd3 Kc5 127. Ke2) (122... Qa6+ 123. Kg2 $11)) 81... Kc7 82. Kg3 Kb6 83. Ra2 ({Weaker is} 83. Kxg4 Kxa7 84. Rb2 Bb7 $14) 83... Kb7 84. Kxg4 Kb6 85. Kf4 Kb7 86. Ke5 Kb6 87. Kd6 Kb7 88. Kd7 Kb6 89. Kc8 {[%emt 0:00:05] Weighted Error Value: White=0.15 (very precise) /Black=0.15 (very precise) .  Loses game:     	---       	Black=2      Missed win:     	White=1     	---        Mistake:       	White=6     	Black=7      Inaccurate:     	---       	Black=5      OK:         	White=24    	Black=20     Best:        	White=6     	Black=9      Strong:       	White=6     	---        Brilliant:      	White=1     	---} 1-0

[Event "III Menorca Open-A 2024"]
[Site "Ciutadella Menorca"]
[Date "2024.04.06"]
[Round "8.18"]
[White "Kurmangaliyeva, Liya"]
[Black "Vogel, Roven"]
[Result "0-1"]
[ECO "B80"]
[WhiteElo "2230"]
[BlackElo "2528"]
[Annotator "TA"]
[PlyCount "100"]
[EventDate "2024.04.02"]
[EventType "swiss"]
[EventCountry "ESP"]
[SourceTitle "playchess.com"]
[Source "ChessBase"]
[SourceQuality "1"]
[TimeControl "5400+30"]

1. e4 c5 2. Nf3 d6 3. d4 cxd4 4. Nxd4 Nf6 5. Nc3 a6 6. Be3 e6 7. a3 b5 8. g4 Bb7 9. Bg2 {[%emt 0:00:19] White is slightly better.} Nfd7 10. g5 Nb6 11. f4 N8d7 12. h4 Qc7 13. h5 O-O-O 14. Rh3 Nc5 15. Qg4 {[%emt 0:04:51] Nd5 is the strong threat.} Kb8 16. O-O-O Rc8 17. Kb1 e5 18. Nde2 Nca4 19. Bxb6 (19. Bf2 $16) 19... Nxb6 $11 20. Rc1 (20. Rhd3 $14) 20... Be7 21. Nd5 Nxd5 22. exd5 Qb6 (22... f6 $11) 23. f5 $2 {[%emt 0:03:36] [#]} (23. fxe5 $16 {stays on course.} dxe5 24. Nc3) 23... Rc4 $17 24. Qg3 Rhc8 {[%emt 0:00:46] Black is more active.} ({Black should try} 24... h6 $17 25. b3 Rcc8 (25... Bxg5 $2 26. bxc4 bxc4+ 27. Ka2 $18)) 25. h6 g6 26. f6 Bd8 27. b3 $1 R4c5 28. Qd3 a5 29. Be4 b4 30. a4 $1 Ba6 31. Qd2 Qa7 32. Rf3 Bb6 33. Rh1 Qd7 34. Rh4 {[%emt 0:01:10] Inhibits Qg4.} Ka7 35. Rfh3 R8c7 36. Rf3 Qc8 37. Qd1 Bb7 38. Rf1 {[%emt 0:00:56] [#] Loses the game.} (38. Qd2 $17) 38... Qa8 $1 $19 39. Qd3 (39. Rf3 $142) 39... Bxd5 40. Rc1 Bxe4 41. Qxe4 Qe8 42. Rh2 (42. Nd4 {was worth a try.}) 42... Qe6 43. Qf3 d5 44. Rh4 (44. Qd3 $142) 44... R5c6 45. Qd3 e4 46. Qg3 (46. Qd2) 46... Qc8 47. Qe5 Rxc2 48. Rxc2 Rxc2 49. Rh1 Rxe2 50. Rc1 Qb7 {[%emt 0:00:06] Weighted Error Value: White=0.55/Black=0.17 (very precise) .  Mistake:       	White=8     	Black=2      Inaccurate:     	White=8     	Black=6      OK:         	White=8     	Black=10     Best:        	White=1     	Black=1      Strong:       	White=2     	Black=1} 0-1

[Event "III Menorca Open-A 2024"]
[Site "Ciutadella Menorca"]
[Date "2024.04.06"]
[Round "8.19"]
[White "Arizmendi Martinez, Julen Luis"]
[Black "Tarhan, Adar"]
[Result "1/2-1/2"]
[ECO "C78"]
[WhiteElo "2521"]
[BlackElo "2446"]
[Annotator "RC"]
[PlyCount "225"]
[EventDate "2024.04.02"]
[EventType "swiss"]
[EventCountry "ESP"]
[SourceTitle "playchess.com"]
[Source "ChessBase"]
[SourceQuality "1"]
[TimeControl "5400+30"]

1. e4 e5 2. Nf3 Nc6 3. Bb5 a6 4. Ba4 Nf6 5. O-O b5 6. Bb3 Bb7 7. d3 Bc5 8. a4 O-O 9. Bg5 h6 10. Bh4 g5 11. axb5 axb5 12. Rxa8 Bxa8 13. Bg3 d6 14. Nc3 Na5 15. Ba2 b4 16. Ne2 b3 17. Bb1 bxc2 18. Bxc2 Nc6 19. Ba4 Ne7 20. Qc1 Ng6 21. Nxe5 dxe5 22. Qxc5 Qxd3 23. Bb5 Qxe4 24. f3 Qd5 25. Qxd5 Nxd5 26. Ra1 Rb8 27. Bd3 Nde7 28. Ra7 Bd5 29. Rxc7 Rxb2 30. Nc3 Be6 31. Bxg6 Nxg6 32. Ne4 Rb5 33. h3 Kg7 34. Kh2 Rd5 35. Rc5 Rxc5 36. Nxc5 Kf6 37. Ne4+ Ke7 38. Be1 Bf5 39. Bb4+ Ke6 40. g4 Bxe4 41. fxe4 Nf4 42. Kg3 Ng6 43. Kf3 Kd7 44. Ba5 Kd6 45. Bb6 Kc6 46. Bd8 Kc5 47. Ke3 Nf4 48. Bc7 Ng6 49. Bd8 Kd6 50. Kf3 Ke6 51. Bb6 Nf8 52. Bc5 Nd7 53. Bb4 Nf6 54. Bd2 Ng8 55. Bb4 Ne7 56. Kg3 Kf6 57. h4 gxh4+ 58. Kxh4 Nc6 59. Bd2 Kg6 60. Kg3 Nd4 61. Kf2 Ne6 62. Kf3 Ng5+ 63. Ke3 Kf6 64. Bc1 Ne6 65. Kf3 Kg6 66. Bd2 Nd4+ 67. Kf2 Nb5 68. Kf3 Nd6 69. Bc1 Nc4 70. Ke2 Nb6 71. Kf3 Na4 72. Be3 Nc3 73. Bd2 Nb5 74. Bc1 Nd4+ 75. Kf2 h5 76. gxh5+ Kxh5 77. Ke3 Kg4 78. Bb2 Nc6 79. Ba3 Na5 80. Be7 Nc4+ 81. Kd3 Nb2+ 82. Ke3 Nd1+ 83. Ke2 Nb2 84. Ke3 Nc4+ 85. Kd3 Nb6 86. Ke3 Nd7 87. Bd6 Kg5 88. Be7+ Kg6 89. Bd6 Kf6 90. Bc7 Nc5 91. Bd8+ Ke6 92. Ba5 Nb7 93. Bb4 Nd8 94. Ba3 Nc6 95. Bb2 Kf6 96. Bc3 Kg5 97. Kf3 Kh4 98. Bb2 Kg5 99. Bc3 Kf6 100. Ke3 Ne7 101. Kf3 Ng6 102. Bb2 Kg5 103. Kg3 f6 104. Bc1+ Kh5 105. Kf3 Ne7 106. Kg3 Nc6 107. Ba3 Nd4 108. Be7 f5 109. Bf6 f4+ 110. Kf2 Nc6 111. Kf3 Kg6 112. Bxe5 Nxe5+ 113. Kxf4 1/2-1/2

[Event "III Menorca Open-A 2024"]
[Site "Ciutadella Menorca"]
[Date "2024.04.06"]
[Round "8.20"]
[White "Pichot, Alan"]
[Black "Bilych, Olexiy"]
[Result "1-0"]
[ECO "C50"]
[WhiteElo "2644"]
[BlackElo "2451"]
[Annotator "TA"]
[PlyCount "103"]
[EventDate "2024.04.02"]
[EventType "swiss"]
[EventCountry "ESP"]
[SourceTitle "playchess.com"]
[Source "ChessBase"]
[SourceQuality "1"]
[TimeControl "5400+30"]

1. e4 e5 2. Nf3 Nc6 3. Bc4 Nf6 4. d3 Bc5 5. O-O O-O 6. a4 a5 7. h3 h6 8. c3 {[%emt 0:02:06] The position is equal.} d6 9. Be3 Bxe3 10. fxe3 Be6 11. Bxe6 fxe6 12. Nbd2 Qe8 13. Qb3 b6 14. Rf2 Nb8 15. Raf1 Nbd7 16. d4 {[%emt 0:00:32] Repels Nc5} Kh8 17. Qc4 Rc8 18. dxe5 Nxe5 19. Nxe5 dxe5 20. Nf3 Nd7 (20... Qh5 $11 {remains equal.}) 21. b4 $16 Qe7 22. Rd1 c5 23. b5 {[%emt 0:07:10] White is much more active.} Rxf3 $2 24. gxf3 $18 Nf6 25. Qd3 Nh5 26. Rg2 Qh4 27. Qd7 Rf8 28. Qxe6 Rxf3 29. Qg4 (29. Qxb6 Qxe4 30. Qd8+ (30. Qxc5 Kh7 $11) 30... Kh7) (29. Qc8+ $142 Kh7 30. Rd8 (30. Qg4 Rxh3 31. Qxh4 Rxh4 $11) 30... Qxd8 31. Qxd8) 29... Rxh3 30. Qxh4 Rxh4 {[%emt 0:00:02][%mdl 4096] Endgame. KRR-KRN} 31. Rd6 Rxe4 32. Rxb6 Rxe3 33. Rb2 (33. Rc6 $142) 33... Nf4 34. Rb1 {[%emt 0:09:17][%mdl 1024] Hoping for Rb8+. White has strong compensation.} e4 {[%emt 0:00:56][%cal Oe3h3] [#]} 35. Rb8+ $1 Kh7 {[%emt 0:00:04][%cal Oe3f3] [#]} 36. b6 $1 Rg3+ 37. Kf2 Rf3+ 38. Ke1 {[%emt 0:00:23] Strongly threatening b7.} Ng2+ $2 (38... e3 $16 39. Re8 Rh3) 39. Kd2 {[%emt 0:01:24] And now b7 would win.} Rf2+ 40. Kc1 {[%emt 0:00:14] Threatens to win with b7.} Ne3 (40... Nf4 $142 41. Rb5 Ne2+ 42. Kd2 (42. Kd1 Nxc3+ 43. Ke1 e3 $11) 42... Ng3+ 43. Kd1 e3 44. Rxc5 e2+ 45. Kd2 Rf1) 41. Rb5 Nc4 42. b7 (42. Rxc5 Rf1+ 43. Kc2 Rf2+ 44. Kc1 (44. Kb3 Nd2+ 45. Kc2 Nc4+ 46. Kb1 Nd2+ 47. Kc2 Nc4+ $11) 44... Rf1+ 45. Kc2 Rf2+ 46. Kb3 Nd2+ 47. Kc2 Nc4+ $11) 42... Rf1+ 43. Kc2 Rf2+ 44. Kd1 Nb2+ 45. Kc1 Nd3+ 46. Kb1 Rf1+ 47. Ka2 c4 48. Re8 {[%emt 0:03:29] White mates.} ({Worse is} 48. Rxa5 Rf2+ 49. Kb1 (49. Ka3 Rf1 $11) 49... Rf1+ 50. Ka2 Rf2+ 51. Ka3 Rf1 52. Ka2 $11 (52. Rh8+ Kg6 $11)) 48... Nc1+ 49. Ka1 Nb3+ 50. Kb2 Rf2+ 51. Ka3 Na1 52. Rb2 {[%emt 0:00:35] Weighted Error Value: White=0.18 (very precise) /Black=0.51.  Loses game:     	---       	Black=3      Mistake:       	White=1     	Black=2      Inaccurate:     	White=1     	Black=2      OK:         	White=12    	Black=13     Best:        	White=6     	Black=2      Strong:       	White=2     	---} 1-0

[Event "III Menorca Open-A 2024"]
[Site "Ciutadella Menorca"]
[Date "2024.04.06"]
[Round "8.21"]
[White "Cuenca Jimenez, Jose Fernando"]
[Black "Mammadova, Gulnar"]
[Result "1-0"]
[ECO "D02"]
[WhiteElo "2500"]
[BlackElo "2352"]
[Annotator "TA"]
[PlyCount "91"]
[EventDate "2024.04.02"]
[EventType "swiss"]
[EventCountry "ESP"]
[SourceTitle "playchess.com"]
[Source "ChessBase"]
[SourceQuality "1"]
[TimeControl "5400+30"]

1. d4 Nf6 2. Bf4 d5 3. e3 e6 4. Nf3 c5 5. Nbd2 Qb6 6. Rb1 Bd6 7. dxc5 Qxc5 8. Be2 {[%emt 0:00:34] The position is equal.} O-O 9. O-O b6 10. b4 Qc7 11. Bxd6 Qxd6 12. c4 a5 13. a3 axb4 14. axb4 Nbd7 15. Qb3 Ba6 16. Rfd1 Qe7 17. Bf1 Bb7 18. Nd4 Rfc8 19. Rdc1 dxc4 20. Nxc4 g6 21. f3 e5 22. Nb5 e4 23. Nbd6 ({White has to play} 23. f4 $1 $14) 23... Rc7 ({Black should play} 23... Rxc4 $1 $15 24. Bxc4 (24. Nxc4 exf3 25. gxf3 Bxf3 $17) 24... Qxd6 25. Bxf7+ Kf8) 24. Nxb7 $14 Rxb7 25. f4 Rba7 26. Rd1 {[%emt 0:01:58] Inhibits Nd5.} Rc7 27. Rd4 Rb8 28. Rbd1 Nf8 (28... Ne8 $142) 29. Rd6 $16 Rd7 30. Rxd7 (30. Rxb6 $6 Rxb6 31. Nxb6 Rxd1 32. Qxd1 Qxb4 $11) 30... N8xd7 31. Nd6 {[%emt 0:00:05][%cal Od6f7] Threatens to win with Nxf7!} Kg7 (31... b5 $16 32. Nxb5 (32. Bxb5 Nb6 $16) 32... Nb6) 32. Bc4 (32. Qb2 $18) 32... Nf8 (32... b5 $16 {was necessary.} 33. Bxb5 (33. Bxf7 Nf8 $14) 33... Nb6) 33. Nb5 (33. Bxf7 $2 {perishes.} Rd8 $19) (33. Nxf7 $18 {Strongly threatening Qc3.} b5 34. Bd5) 33... Rb7 34. h3 {[%emt 0:01:47] White has more active pieces.} h5 (34... Rd7 $142) 35. Nd4 (35. Rd6 $142) 35... Rc7 36. Ra1 Qd8 37. b5 Qd6 38. Nc6 Qc5 39. Rd1 Ne6 $2 {[%emt 0:03:33] [#] A mistake that costs the game.} 40. Bxe6 $18 fxe6 41. Nd4 Qc3 42. Nxe6+ ({Weaker is} 42. Qxe6 Qxe3+ 43. Kh1 Rc1 44. Qe7+ Kg8 45. Qe6+ Kg7 46. Qe7+ Kg8 47. Qe6+ Kg7 $11) 42... Kh7 43. Ng5+ Kg7 44. Rd7+ $1 Kh6 $2 {[%emt 0:01:06] [#]} (44... Kh8 45. Qxc3 Rxc3) 45. Qxc3 Rxc3 46. Rf7 {[%emt 0:00:00] Weighted Error Value: White=0.15 (very precise) /Black=0.27 (precise) .  Loses game:     	---       	Black=1      Mistake:       	White=4     	Black=6      Inaccurate:     	White=2     	Black=2      OK:         	White=15    	Black=9      Best:        	White=4     	Black=1      Strong:       	White=1     	---} 1-0

[Event "III Menorca Open-A 2024"]
[Site "Ciutadella Menorca"]
[Date "2024.04.06"]
[Round "8.22"]
[White "Bradbury, Neil H"]
[Black "Cramling Bellon, Anna"]
[Result "1-0"]
[ECO "E04"]
[WhiteElo "2197"]
[BlackElo "2115"]
[Annotator "RC"]
[PlyCount "83"]
[EventDate "2024.04.02"]
[EventType "swiss"]
[EventCountry "ESP"]
[SourceTitle "playchess.com"]
[Source "ChessBase"]
[SourceQuality "1"]
[TimeControl "5400+30"]

1. d4 d5 2. c4 e6 3. Nf3 Nf6 4. g3 dxc4 5. Bg2 Bb4+ 6. Bd2 a5 7. O-O O-O 8. Nc3 c6 9. Bg5 b5 10. Ne5 Ra6 11. a4 Bd7 12. Ne4 Be7 13. Nc5 Bxc5 14. dxc5 h6 15. Bxf6 gxf6 16. Ng4 f5 17. Ne5 Qc7 18. Qd4 f6 19. Ng6 Rf7 20. f4 Kh7 21. Nh4 Ra7 22. e4 Na6 23. exf5 exf5 24. Bh3 Nb4 25. Rae1 Nc2 26. Qc3 Nxe1 27. Rxe1 Qd8 28. Qf3 Re7 29. Rd1 Qe8 30. Kf2 Be6 31. axb5 cxb5 32. c6 Ra6 33. Rd6 b4 34. Nxf5 Bxf5 35. Bxf5+ Kh8 36. Rxf6 Rg7 37. Rxh6+ Kg8 38. Qd5+ Rf7 39. Be6 Qf8 40. Bxf7+ Qxf7 41. Rh8+ Kxh8 42. Qxf7 1-0

[Event "III Menorca Open-A 2024"]
[Site "Ciutadella Menorca"]
[Date "2024.04.06"]
[Round "8.23"]
[White "Sprenger de la Iglesia, Yevgeni"]
[Black "Prado, Alexandra"]
[Result "1/2-1/2"]
[ECO "E92"]
[WhiteElo "1973"]
[BlackElo "1877"]
[Annotator "RC"]
[PlyCount "103"]
[EventDate "2024.04.02"]
[EventType "swiss"]
[EventCountry "ESP"]
[SourceTitle "playchess.com"]
[Source "ChessBase"]
[SourceQuality "1"]
[TimeControl "5400+30"]

1. d4 Nf6 2. c4 g6 3. Nc3 Bg7 4. e4 d6 5. Nf3 O-O 6. Be2 e5 7. Be3 exd4 8. Nxd4 Re8 9. f3 c6 10. Bf2 d5 11. exd5 cxd5 12. O-O Nc6 13. c5 a6 14. Qd2 Ne5 15. Na4 Bd7 16. Nb6 Rb8 17. Nxd7 Qxd7 18. Rac1 h5 19. Rfd1 Nc6 20. b4 Kh7 21. Rb1 Bh6 22. Qc2 Nxd4 23. Bxd4 Be3+ 24. Kf1 Bxd4 25. Rxd4 Qc7 26. g3 Re7 27. Re1 Rbe8 28. Rdd1 h4 29. f4 Qd7 30. Bf3 Qb5+ 31. Kf2 Rxe1 32. Rxe1 Rxe1 33. Kxe1 Qxb4+ 34. Kf1 Qa3 35. Qb3 Qxc5 36. Qxb7 Kg7 37. Qxa6 h3 38. Qd3 Qc1+ 39. Kf2 Qb2+ 40. Qe2 Qb6+ 41. Ke1 Qg1+ 42. Kd2 Ne4+ 43. Bxe4 dxe4 44. Kc3 Qg2 45. Kd2 Qg1 46. Kc3 Qg2 47. Kd2 Qg1 48. Kc3 Qc5+ 49. Kb3 Qd4 50. Qb2 Qxb2+ 51. Kxb2 e3 52. Kc2 1/2-1/2

[Event "III Menorca Open-A 2024"]
[Site "Ciutadella Menorca"]
[Date "2024.04.06"]
[Round "8.24"]
[White "Huseynova, Lala"]
[Black "Saine, Zachary"]
[Result "0-1"]
[ECO "C63"]
[WhiteElo "1916"]
[BlackElo "2010"]
[Annotator "RC"]
[PlyCount "74"]
[EventDate "2024.04.02"]
[EventType "swiss"]
[EventCountry "ESP"]
[SourceTitle "playchess.com"]
[Source "ChessBase"]
[SourceQuality "1"]
[TimeControl "5400+30"]

1. e4 e5 2. Nf3 Nc6 3. Bb5 f5 4. d3 fxe4 5. dxe4 Nf6 6. O-O Bc5 7. Bxc6 bxc6 8. Nxe5 O-O 9. Nc3 d6 10. Na4 Nxe4 11. Nxc5 Nxc5 12. Nxc6 Qe8 13. Nd4 Qg6 14. f3 a5 15. Be3 Ba6 16. Re1 Bb7 17. Bf2 Rf7 18. Qd2 a4 19. Re3 Raf8 20. Rae1 h5 21. Re7 Bxf3 22. Nxf3 Rxf3 23. Qd5+ Kh7 24. Bd4 R3f7 25. Rxf7 Rxf7 26. Qc4 Ne4 27. Qxa4 c5 28. Be3 d5 29. c3 h4 30. Qc2 h3 31. g3 Rf3 32. Qe2 Qg4 33. Kh1 Qf5 34. Bf4 Rf2 35. Qb5 Nxg3+ 36. hxg3 Qc2 37. g4 Rh2+ 0-1

[Event "III Menorca Open-A 2024"]
[Site "Ciutadella Menorca"]
[Date "2024.04.07"]
[Round "9.1"]
[White "Erigaisi Arjun"]
[Black "Fedoseev, Vladimir"]
[Result "1/2-1/2"]
[WhiteElo "2748"]
[BlackElo "2690"]
[Annotator "TA"]
[PlyCount "16"]
[EventDate "2024.04.02"]
[EventType "swiss"]
[EventCountry "ESP"]
[SourceTitle "playchess.com"]
[Source "ChessBase"]
[SourceQuality "1"]
[TimeControl "5400+30"]

1. e4 e5 2. Nf3 Nc6 3. Nc3 Nf6 4. d4 exd4 5. Nxd4 Bb4 6. Nxc6 bxc6 {[%emt 0:00:07] The position is equal.} 7. Bd3 O-O ({Of course not} 7... Bxc3+ 8. bxc3 Qe7 9. O-O $14) 8. O-O Re8 {[%emt 0:00:04] Not much happened in this game.   Inaccurate:     	---       	Black=1} 1/2-1/2